General information
- name: BNet
- type: Ladder team game (AT/RT)
- host: Battle.net
- saver: Gobiner
map: RiverOfSouls
- players: 6
- length: 57:37
- speed: Fast
- version: 1.24 W3XP
- replay type: Public
» download(336 KB)
Players
team 1 (loser)
Trio2 (
pink | 75 APM | 4333 actions | 57:35)
3 Far Seer
2 Feral Spirit
1 Chain Lighting
2 Shadow Hunter
1 Hex
1 Healing Wave
1 Tauren Chieftain
1 War Stomp
» actions
| Assign group hotkey | 331 | |
| Basic commands | 153 | |
| Build / train | 88 | |
| Enter build submenu | 22 | |
| Enter hero's abilities submenu | 6 | |
| Give item / drop item | 3 | |
| Remove unit from queue | 2 | |
| Right click | 2551 | |
| Select / deselect | 688 | |
| Select group hotkey | 272 | |
| Use ability | 217 | |
4333 total
» units
| Peon | 23 | |
| Grunt | 7 | |
| Shaman | 7 | |
| Troll Batrider | 7 | |
| Demolisher | 2 | |
| Raider | 7 | |
| Troll Witch Doctor | 2 | |
| Troll Headhunter/Berserker | 2 | |
57 total
» upgrades
| Shaman Training | 2 | |
| Ensnare | 1 | |
| Berserker Strength | 1 | |
| Berserker Upgrade | 1 | |
| Troll Regeneration | 1 | |
| Witch Doctor Training | 2 | |
| Ranged Weapons | 2 | |
10 total
» buildings
| Altar of Storms | 1 | |
| Orc Burrow | 7 | |
| Barracks | 1 | |
| War Mill | 1 | |
| Stronghold | 1 | |
| Voodoo Lounge | 1 | |
| Watch Tower | 2 | |
| Spirit Lodge | 2 | |
| Beastiary | 3 | |
| Fortress | 1 | |
| Great Hall | 2 | |
| Tauren Totem | 1 | |
23 total
» build order
00:09 Altar of Storms
00:12 Orc Burrow
00:28 Barracks
01:31 Orc Burrow
02:20 War Mill
03:41 Stronghold
04:39 Voodoo Lounge
04:45 Watch Tower
05:51 Watch Tower
06:10 Spirit Lodge
08:15 Beastiary
08:18 Beastiary
08:26 Spirit Lodge
10:27 Orc Burrow
11:22 Fortress
11:42 Orc Burrow
14:13 Orc Burrow
19:29 Great Hall
20:38 Orc Burrow
21:22 Orc Burrow
25:09 Tauren Totem
29:44 Great Hall
55:56 Beastiary
» items
| Scroll of Healing | 1 | |
| Potion of Lesser Invulnerability | 2 | |
| Dust of Appearance | 2 | |
| Boots of Speed | 1 | |
| Scroll of Town Portal | 1 | |
| Potion of Invisibility | 1 | |
8 total
V-m0ney (
orange | 78 APM | 4440 actions | 57:07)
3 Far Seer
1 Feral Spirit
2 Chain Lighting
2 Shadow Hunter
1 Hex
1 Healing Wave
1 Tauren Chieftain
1 War Stomp
» actions
| Assign group hotkey | 57 | |
| Basic commands | 23 | |
| Build / train | 63 | |
| Enter build submenu | 19 | |
| Enter hero's abilities submenu | 9 | |
| Remove unit from queue | 2 | |
| Right click | 2371 | |
| Select / deselect | 919 | |
| Select group hotkey | 818 | |
| Use ability | 159 | |
4440 total
» units
| Peon | 6 | |
| Grunt | 6 | |
| Wind Rider | 10 | |
| Troll Batrider | 2 | |
| Demolisher | 4 | |
| Kodo Beast | 1 | |
| Troll Witch Doctor | 7 | |
| Tauren | 2 | |
38 total
» upgrades
| Ranged Weapons | 2 | |
| Liquid Fire | 1 | |
| Envenomed Spears | 1 | |
| Armor | 1 | |
| Burning Oil | 1 | |
| Witch Doctor Training | 2 | |
8 total
» buildings
| Altar of Storms | 1 | |
| Orc Burrow | 7 | |
| Barracks | 1 | |
| Voodoo Lounge | 1 | |
| War Mill | 1 | |
| Stronghold | 1 | |
| Watch Tower | 2 | |
| Beastiary | 2 | |
| Fortress | 1 | |
| Spirit Lodge | 1 | |
| Tauren Totem | 1 | |
19 total
» build order
00:04 Altar of Storms
00:19 Orc Burrow
00:36 Barracks
01:32 Orc Burrow
02:04 Voodoo Lounge
02:30 War Mill
03:56 Stronghold
04:34 Watch Tower
05:11 Watch Tower
07:43 Beastiary
08:47 Beastiary
08:49 Orc Burrow
08:50 Orc Burrow
10:20 Fortress
10:22 Orc Burrow
14:44 Orc Burrow
20:14 Spirit Lodge
21:38 Orc Burrow
25:13 Tauren Totem
» items
| Healing Salve | 1 | |
| Lesser Clarity Potion | 1 | |
| Scroll of Town Portal | 1 | |
| Dust of Appearance | 1 | |
4 total
xXJammerXx (
teal | 51 APM | 2860 actions | 56:34)
4 Archmage
2 Summon Water Elemental
1 Brilliance Aura
1 Blizzard
3 Paladin
2 Holy Light
1 Devotion Aura
1 Mountain King
1 Storm Bolt
» actions
| Assign group hotkey | 56 | |
| Basic commands | 50 | |
| Build / train | 134 | |
| Enter build submenu | 55 | |
| Enter hero's abilities submenu | 8 | |
| Give item / drop item | 1 | |
| Remove unit from queue | 3 | |
| Right click | 1151 | |
| Select / deselect | 748 | |
| Select group hotkey | 492 | |
| Use ability | 162 | |
2860 total
» units
| Peasant | 20 | |
| Footman | 1 | |
| Rifleman | 9 | |
| Gryphon Rider | 11 | |
| Mortar Team | 4 | |
| Flying Machine | 3 | |
| Siege Engine | 8 | |
| Sorceress | 2 | |
| Priest | 3 | |
61 total
» upgrades
| Long Rifles | 1 | |
| Swords | 2 | |
| Storm Hammers | 1 | |
| Plating | 3 | |
| Gunpowder | 0 | |
| Barrage | 1 | |
| Lumber Harvesting | 1 | |
| Flare | 1 | |
| Priest Training | 2 | |
| Magic Sentry | 1 | |
| Sorceress Training | 1 | |
14 total
» buildings
| Altar of Kings | 2 | |
| Farm | 13 | |
| Barracks | 1 | |
| Blacksmith | 1 | |
| Scout Tower | 25 | |
| Arcane Tower | 3 | |
| Arcane Vault | 1 | |
| Keep | 1 | |
| Lumber Mill | 1 | |
| Arcane Sanctum | 2 | |
| Workshop | 3 | |
| Castle | 1 | |
| Gryphon Aviary | 2 | |
| Town Hall | 1 | |
| Guard Tower | 24 | |
81 total
» build order
00:09 Altar of Kings
00:20 Farm
00:30 Barracks
00:37 Farm
01:37 Farm
01:54 Blacksmith
02:28 Scout Tower
03:01 Arcane Tower
03:04 Scout Tower
03:42 Arcane Tower
04:04 Arcane Vault
04:51 Keep
04:55 Farm
05:10 Scout Tower
05:37 Farm
05:39 Arcane Tower
05:59 Lumber Mill
06:20 Farm
07:23 Arcane Sanctum
07:56 Workshop
08:54 Castle
09:33 Gryphon Aviary
09:37 Gryphon Aviary
09:49 Farm
11:09 Farm
11:21 Farm
12:34 Farm
14:39 Farm
16:45 Town Hall
21:20 Scout Tower
21:50 Workshop
21:57 Guard Tower
21:57 Guard Tower
21:57 Guard Tower
22:11 Workshop
22:52 Scout Tower
22:58 Farm
23:25 Guard Tower
23:25 Scout Tower
23:48 Farm
24:19 Guard Tower
24:22 Scout Tower
25:14 Guard Tower
25:52 Scout Tower
26:40 Scout Tower
26:41 Guard Tower
27:35 Guard Tower
27:41 Scout Tower
28:46 Guard Tower
28:48 Scout Tower
29:34 Guard Tower
29:36 Scout Tower
30:08 Guard Tower
30:10 Scout Tower
32:21 Arcane Sanctum
32:26 Guard Tower
32:31 Scout Tower
33:40 Guard Tower
37:33 Scout Tower
38:13 Guard Tower
38:15 Scout Tower
38:35 Scout Tower
39:36 Guard Tower
39:37 Guard Tower
39:38 Scout Tower
44:18 Guard Tower
44:19 Scout Tower
46:54 Guard Tower
47:26 Scout Tower
47:28 Scout Tower
48:57 Guard Tower
48:58 Scout Tower
48:59 Scout Tower
49:00 Guard Tower
49:01 Scout Tower
49:02 Scout Tower
50:32 Guard Tower
50:33 Guard Tower
51:02 Guard Tower
51:03 Guard Tower
55:05 Altar of Kings
» items
| Scroll of Regeneration | 2 | |
| Lesser Clarity Potion | 2 | |
| Staff of Sanctuary | 2 | |
| Potion of Healing | 3 | |
| Potion of Mana | 2 | |
| Staff of Teleportation | 1 | |
| Boots of Speed | 1 | |
| Potion of Lesser Invulnerability | 2 | |
| Scroll of Healing | 1 | |
16 total
team 2 (winner)
BaGsOfDiRtYdIx (
green | 67 APM | 3865 actions | 57:36)
5 Archmage
2 Blizzard
3 Brilliance Aura
6 Mountain King
3 Storm Bolt
2 Bash
1 Avatar
5 Blood Mage
3 Flame Strike
2 Siphon Mana
» actions
| Assign group hotkey | 8 | |
| Basic commands | 4 | |
| Build / train | 108 | |
| Enter build submenu | 53 | |
| Enter hero's abilities submenu | 16 | |
| Give item / drop item | 7 | |
| Right click | 2452 | |
| Select / deselect | 573 | |
| Select group hotkey | 342 | |
| Use ability | 302 | |
3865 total
» units
| Peasant | 12 | |
| Priest | 2 | |
| Sorceress | 1 | |
| Dragonhawk Rider | 3 | |
18 total
» upgrades
| Masonry | 3 | |
| Lumber Harvesting | 2 | |
| Magic Sentry | 1 | |
| Priest Training | 1 | |
| Sorceress Training | 1 | |
8 total
» buildings
| Altar of Kings | 1 | |
| Farm | 6 | |
| Lumber Mill | 1 | |
| Scout Tower | 73 | |
| Arcane Tower | 13 | |
| Guard Tower | 28 | |
| Keep | 2 | |
| Arcane Vault | 1 | |
| Gryphon Aviary | 1 | |
| Arcane Sanctum | 1 | |
| Castle | 1 | |
128 total
» build order
00:05 Altar of Kings
00:10 Farm
00:39 Lumber Mill
00:43 Farm
02:09 Scout Tower
02:11 Scout Tower
02:37 Arcane Tower
02:42 Guard Tower
02:44 Scout Tower
02:45 Scout Tower
03:19 Guard Tower
03:21 Scout Tower
03:22 Scout Tower
03:37 Guard Tower
03:51 Guard Tower
03:52 Arcane Tower
03:53 Scout Tower
03:54 Scout Tower
04:50 Guard Tower
05:02 Keep
05:18 Scout Tower
05:19 Scout Tower
05:20 Scout Tower
05:33 Farm
05:52 Guard Tower
05:53 Scout Tower
06:06 Farm
06:31 Guard Tower
06:32 Scout Tower
06:34 Arcane Vault
07:15 Arcane Tower
07:19 Scout Tower
08:05 Guard Tower
08:07 Scout Tower
08:46 Gryphon Aviary
08:49 Arcane Sanctum
08:50 Scout Tower
08:52 Scout Tower
08:56 Scout Tower
09:01 Arcane Tower
09:04 Scout Tower
09:25 Guard Tower
09:27 Scout Tower
09:30 Guard Tower
09:30 Arcane Tower
09:50 Guard Tower
09:53 Scout Tower
09:54 Scout Tower
09:56 Scout Tower
09:57 Scout Tower
10:22 Guard Tower
10:40 Arcane Tower
11:09 Guard Tower
11:27 Guard Tower
11:42 Castle
12:20 Scout Tower
12:21 Scout Tower
12:22 Scout Tower
12:32 Scout Tower
12:33 Scout Tower
12:33 Scout Tower
12:35 Scout Tower
12:35 Scout Tower
12:36 Scout Tower
12:38 Scout Tower
12:39 Scout Tower
12:56 Arcane Tower
13:21 Farm
13:22 Guard Tower
14:05 Guard Tower
14:24 Farm
14:29 Guard Tower
15:33 Guard Tower
15:57 Guard Tower
15:59 Scout Tower
16:00 Scout Tower
16:00 Scout Tower
17:23 Guard Tower
17:28 Scout Tower
17:30 Scout Tower
17:32 Scout Tower
17:33 Scout Tower
17:58 Arcane Tower
19:04 Scout Tower
19:05 Scout Tower
19:07 Scout Tower
19:08 Scout Tower
19:11 Scout Tower
19:12 Scout Tower
19:24 Scout Tower
19:25 Scout Tower
19:25 Scout Tower
19:26 Scout Tower
19:27 Scout Tower
19:29 Scout Tower
19:30 Scout Tower
19:32 Arcane Tower
19:34 Arcane Tower
20:00 Guard Tower
20:03 Scout Tower
20:04 Scout Tower
20:05 Scout Tower
20:06 Scout Tower
20:07 Scout Tower
20:08 Scout Tower
20:09 Scout Tower
20:10 Scout Tower
20:11 Scout Tower
21:00 Guard Tower
21:19 Guard Tower
21:19 Guard Tower
21:20 Arcane Tower
22:28 Guard Tower
22:31 Scout Tower
22:32 Scout Tower
22:32 Scout Tower
22:33 Scout Tower
22:34 Scout Tower
22:35 Scout Tower
22:37 Guard Tower
23:01 Guard Tower
23:37 Guard Tower
26:47 Scout Tower
26:49 Scout Tower
26:51 Scout Tower
29:31 Arcane Tower
31:18 Arcane Tower
» items
| Boots of Speed | 3 | |
| Staff of Teleportation | 3 | |
| Healing Salve | 2 | |
| Scroll of Speed | 2 | |
| Lesser Clarity Potion | 1 | |
| Orb of Lightning | 3 | |
| Staff of Sanctuary | 3 | |
| Potion of Lesser Invulnerability | 1 | |
| Scroll of Regeneration | 1 | |
19 total
Blahsmack (
red | 22 APM | 1290 actions | 57:36)
2 Archmage
1 Blizzard
1 Brilliance Aura
» actions
| Basic commands | 13 | |
| Build / train | 106 | |
| Enter build submenu | 37 | |
| Enter hero's abilities submenu | 2 | |
| Give item / drop item | 1 | |
| Right click | 586 | |
| Select / deselect | 372 | |
| Use ability | 172 | |
1290 total
» units
» upgrades
» buildings
| Lumber Mill | 1 | |
| Altar of Kings | 1 | |
| Scout Tower | 89 | |
| Farm | 2 | |
| Guard Tower | 44 | |
| Keep | 4 | |
| Town Hall | 3 | |
| Arcane Tower | 13 | |
| Castle | 1 | |
| Arcane Sanctum | 1 | |
| Blacksmith | 1 | |
160 total
» build order
00:13 Lumber Mill
00:20 Altar of Kings
00:33 Scout Tower
00:36 Scout Tower
00:37 Scout Tower
00:59 Farm
01:17 Scout Tower
01:18 Scout Tower
01:30 Farm
01:42 Guard Tower
01:55 Guard Tower
02:02 Scout Tower
02:09 Scout Tower
02:12 Scout Tower
02:15 Scout Tower
02:24 Guard Tower
02:49 Guard Tower
02:49 Guard Tower
02:57 Guard Tower
02:57 Guard Tower
02:58 Guard Tower
03:03 Scout Tower
03:04 Scout Tower
03:07 Scout Tower
03:54 Guard Tower
03:55 Guard Tower
03:59 Scout Tower
04:00 Scout Tower
04:03 Scout Tower
04:05 Scout Tower
04:05 Scout Tower
04:06 Scout Tower
04:08 Scout Tower
04:09 Scout Tower
04:10 Scout Tower
04:50 Guard Tower
04:54 Scout Tower
04:56 Scout Tower
04:57 Scout Tower
05:04 Scout Tower
05:05 Scout Tower
05:07 Scout Tower
05:26 Guard Tower
05:37 Scout Tower
05:38 Scout Tower
05:41 Scout Tower
05:42 Scout Tower
05:43 Scout Tower
06:13 Guard Tower
06:13 Guard Tower
06:49 Guard Tower
06:49 Guard Tower
07:56 Guard Tower
07:57 Guard Tower
09:19 Scout Tower
09:20 Scout Tower
09:21 Scout Tower
09:22 Scout Tower
09:23 Scout Tower
09:23 Scout Tower
09:29 Scout Tower
09:30 Scout Tower
09:32 Scout Tower
09:33 Scout Tower
09:35 Scout Tower
09:36 Scout Tower
09:40 Scout Tower
09:42 Scout Tower
09:43 Scout Tower
09:45 Scout Tower
09:46 Scout Tower
09:48 Guard Tower
09:50 Keep
10:16 Guard Tower
10:16 Guard Tower
10:23 Scout Tower
10:25 Scout Tower
10:28 Scout Tower
10:29 Scout Tower
10:52 Scout Tower
10:56 Guard Tower
11:19 Guard Tower
11:24 Scout Tower
11:27 Scout Tower
11:28 Scout Tower
11:29 Scout Tower
11:35 Guard Tower
12:20 Scout Tower
12:21 Scout Tower
12:22 Scout Tower
12:23 Scout Tower
12:24 Scout Tower
12:24 Scout Tower
12:29 Guard Tower
13:01 Guard Tower
13:07 Guard Tower
13:20 Guard Tower
14:16 Scout Tower
14:18 Scout Tower
14:19 Scout Tower
14:20 Scout Tower
14:22 Scout Tower
14:23 Scout Tower
14:24 Scout Tower
14:25 Scout Tower
14:53 Guard Tower
14:54 Guard Tower
15:02 Guard Tower
15:03 Guard Tower
15:22 Guard Tower
15:22 Guard Tower
21:13 Town Hall
21:18 Town Hall
21:29 Town Hall
24:29 Guard Tower
24:55 Arcane Tower
24:55 Arcane Tower
25:02 Arcane Tower
25:02 Arcane Tower
25:02 Arcane Tower
25:09 Arcane Tower
25:09 Arcane Tower
25:09 Arcane Tower
25:41 Keep
25:42 Keep
25:57 Scout Tower
25:58 Scout Tower
25:59 Scout Tower
26:00 Scout Tower
26:01 Scout Tower
26:04 Scout Tower
26:05 Scout Tower
26:06 Scout Tower
26:28 Keep
26:52 Arcane Tower
26:53 Arcane Tower
26:59 Scout Tower
27:27 Guard Tower
29:06 Scout Tower
29:06 Scout Tower
29:06 Scout Tower
29:08 Scout Tower
29:11 Scout Tower
29:17 Castle
29:21 Arcane Sanctum
29:45 Guard Tower
30:08 Guard Tower
30:46 Guard Tower
33:06 Scout Tower
33:34 Arcane Tower
34:27 Scout Tower
34:27 Scout Tower
35:38 Arcane Tower
36:31 Blacksmith
Gobiner (
blue | 54 APM | 3094 actions | 57:37)
6 Blademaster
3 Wind Walk
2 Critical Strike
1 Bladestorm
6 Shadow Hunter
3 Hex
3 Healing Wave
» actions
| Assign group hotkey | 16 | |
| Basic commands | 24 | |
| Build / train | 81 | |
| ESC pressed | 1 | |
| Enter build submenu | 30 | |
| Enter hero's abilities submenu | 12 | |
| Give item / drop item | 6 | |
| Right click | 1340 | |
| Select / deselect | 279 | |
| Select group hotkey | 1011 | |
| Use ability | 294 | |
3094 total
» units
» upgrades
| Spiked Barricades | 1 | |
| Reinforced Defenses | 1 | |
| Liquid Fire | 1 | |
| Ranged Weapons | 2 | |
5 total
» buildings
| Altar of Storms | 1 | |
| Orc Burrow | 5 | |
| War Mill | 1 | |
| Watch Tower | 18 | |
| Voodoo Lounge | 3 | |
| Stronghold | 1 | |
| Fortress | 1 | |
| Beastiary | 2 | |
32 total
» build order
00:07 Altar of Storms
00:20 Orc Burrow
00:31 War Mill
01:44 Orc Burrow
01:54 Watch Tower
02:17 Watch Tower
02:58 Watch Tower
04:02 Voodoo Lounge
04:31 Watch Tower
04:45 Orc Burrow
04:57 Watch Tower
05:09 Watch Tower
06:15 Watch Tower
06:37 Watch Tower
07:13 Stronghold
07:49 Watch Tower
08:09 Watch Tower
08:55 Watch Tower
09:19 Watch Tower
10:01 Watch Tower
10:19 Fortress
11:01 Watch Tower
11:13 Beastiary
11:15 Beastiary
11:24 Orc Burrow
11:25 Orc Burrow
11:47 Watch Tower
12:26 Voodoo Lounge
12:36 Watch Tower
12:37 Watch Tower
13:31 Watch Tower
16:47 Voodoo Lounge
» items
| Lesser Clarity Potion | 5 | |
| Healing Salve | 4 | |
| Boots of Speed | 2 | |
| Staff of Teleportation | 2 | |
| Orb of Lightning | 2 | |
| Staff of Sanctuary | 2 | |
17 total
Chat log
(45:49 / Allies) BaGsOfDiRtYdIx: lol
(52:48 / All) xXJammerXx: how are we supposed to win?
(52:53 / All) BaGsOfDiRtYdIx: good question
(52:54 / All) Gobiner: quit now
(52:56 / All) BaGsOfDiRtYdIx: leave?
(52:59 / All) xXJammerXx: how will you win?
(52:59 / All) BaGsOfDiRtYdIx: then you will be a winner
(53:01 / All) Trio2: we got all night
(53:05 / All) V-m0ney: you really are a bag of dirt
(53:08 / All) BaGsOfDiRtYdIx: we will keep killing things like we have been
(53:13 / All) Blahsmack: WE SMOKE CRACK AND SUCK DICK ALL NIGHT WAITING FOR A WIN
(53:14 / All) BaGsOfDiRtYdIx: and you will run out of money
(53:15 / All) xXJammerXx: and you'll also keep dying
(53:16 / All) BaGsOfDiRtYdIx: and leave
(53:18 / Allies) Blahsmack: METH HEAD GAY ORGY
(53:22 / All) BaGsOfDiRtYdIx: dying?
(53:25 / All) BaGsOfDiRtYdIx: we've lost 2 heroes
(53:30 / All) BaGsOfDiRtYdIx: total
(53:30 / All) xXJammerXx: how much gold do you have
(53:50 / All) Blahsmack: HOW MUCH DOES A CHINA MAN MAKE INA SWEAT FACTORY
(56:34 / All) Gobiner: thanks for the free win
(56:41 / All) V-m0ney: thanks for letting us know
(56:49 / All) V-m0ney: they are no souls out there
(56:52 / All) V-m0ney: playing this gam
(56:58 / All) Blahsmack: THANKS 4 LETTING GREAT VICTORY AT EXPSNESE OF OPPONENT
(57:22 / All) Gobiner: 2ez nubs
(57:27 / All) BaGsOfDiRtYdIx: 2ez